 Dungeon Crawl Stone Soup version 0.24-a0-459-g225fefd530 (webtiles) character file.

Game seed: 6047304647076835100

9596 drasked the Destroyer (level 11, 0/68 HPs)
             Began as a Deep Elf Wizard on June 28, 2019.
             Was a Believer of Vehumet.
             Slain by an eight-headed hydra (4 damage)
             ... on level 1 of the Lair of Beasts.
             The game lasted 01:14:46 (19139 turns).

drasked the Destroyer (Deep Elf Wizard)            Turns: 19139, Time: 01:14:47

Health: 0/68       AC:  6    Str:  4    XL:     11   Next: 25%
Magic:  21/35      EV: 19    Int: 31    God:    Vehumet [**....]
Gold:   677        SH:  5    Dex: 15    Spells: 15/28 levels left

rFire    . . .     SeeInvis .   B - +1 mace "Ixokk" {crush, rElec rPois rN+}
rCold    + + .     Gourm    +   x - +0 buckler
rNeg     + . .     Faith    .   P - +0 robe of Weetzog {rC+ Int+4 Dex+2} (curse)
rPois    +         Spirit   .   M - +2 helmet
rElec    +         Reflect  .   y - +0 cloak
rCorr    .         Harm     .   (no gloves)
MR       +....                  (no boots)
Stlth    ++........             o - amulet of the gourmand {Gourm, !d}
HPRegen  0.21/turn              N - ring of magical power {MP+9MP+9}
MPRegen  0.24/turn              I - ring of protection from cold {rC+, !d}

@: no status effects
A: no striking features
a: Renounce Religion


You were on level 1 of the Lair of Beasts.
You worshipped Vehumet.
Vehumet was pleased with you.
You were not hungry.

You visited 3 branches of the dungeon, and saw 12 of its levels.
You also visited: Sewer.

You collected 677 gold pieces.

Inventory:

Hand Weapons
 B - the +1 mace "Ixokk" (weapon) {crush, rElec rPois rN+}
   (You found it on level 4 of the Dungeon)

   It inflicts extra damage upon your enemies.
   It insulates you from electricity.
   It protects you from poison.
   It protects you from negative energy.
Missiles
 j - 56 poisoned darts (quivered)
 p - 3 atropa-tipped darts
 R - 13 curare-tipped darts
Armour
 x - a +0 buckler (worn)
   (You took it off an orc on level 3 of the Dungeon)
 y - a +0 cloak (worn)
   (You took it off Crazy Yiuf on level 4 of the Dungeon)
 M - a +2 helmet (worn)
   (You found it on level 6 of the Dungeon)
 P - the cursed +0 robe of Weetzog (worn) {rC+ Int+4 Dex+2}
   (You found it on level 1 of the Lair of Beasts)

   It affects your intelligence (+4).
   It affects your dexterity (+2).
   It protects you from cold.
   It has a curse placed upon it.
Jewellery
 o - an amulet of the gourmand (around neck) {Gourm, !d}
   (You found it on level 10 of the Dungeon)
 I - a ring of protection from cold (right hand) {rC+, !d}
   (You found it on level 3 of the Dungeon)
 N - a ring of magical power (left hand) {MP+9MP+9}
   (You took it off a gnoll on level 8 of the Dungeon)
 S - an uncursed ring of see invisible {sInv, !d}
   (You found it on level 9 of the Dungeon)
Wands
 d - a wand of iceblast (9)
   (You found it on level 4 of the Dungeon)
 v - a wand of paralysis (16)
   (You took it off a gnoll on level 7 of the Dungeon)
 E - a wand of polymorph (6)
   (You took it off Natasha on level 4 of the Dungeon)
 G - a wand of acid (13)
   (You found it on level 5 of the Dungeon)
 L - a wand of enslavement (8)
   (You found it on level 6 of the Dungeon)
Scrolls
 b - a scroll of random uselessness {unknown}
 f - 3 scrolls of fog
 g - a scroll of fear
 i - 2 scrolls of identify
 k - a scroll of amnesia {unknown}
 m - 2 scrolls of noise {unknown}
 t - a scroll of blinking {unknown}
 w - 8 scrolls of remove curse
 A - a scroll of teleportation {unknown}
 C - 2 scrolls of enchant armour
 H - a scroll of summoning {unknown}
 J - a scroll of enchant weapon {unknown}
 K - a scroll of magic mapping {!r!r}
 Q - a scroll of torment {unknown}
Potions
 c - 2 potions of berserk rage {!q!q}
 h - 2 potions of haste
 l - a potion of heal wounds
 n - a potion of resistance
 q - 9 potions of curing
 r - 5 potions of flight
 s - 4 potions of agility
 u - 2 potions of lignification {!q!q}
 z - a potion of brilliance
 D - 2 potions of cancellation
 F - a potion of mutation {unknown}
 O - a potion of ambrosia {unknown}
Comestibles
 e - 14 rations


   Skills:
 - Level 8.1 Fighting
 - Level 10.0 Dodging
 - Level 2.4 Stealth
 - Level 4.0 Shields
 + Level 9.2 Spellcasting
 - Level 10.0 Conjurations
 - Level 1.1 Summonings
 - Level 1.1 Translocations
 - Level 2.0 Air Magic
 - Level 2.0 Poison Magic


You had 15 spell levels left.
You knew the following spells:

 Your Spells              Type           Power        Failure   Level  Hunger
a - Magic Dart            Conj           ####         1%          1    None
b - Blink                 Tloc           N/A          3%          2    None
c - Conjure Flame         Conj/Fire      #####...     1%          3    None
d - Call Imp              Summ           ###.....     3%          2    None
e - Throw Frost           Conj/Ice       #####.       1%          2    None
x - Mephitic Cloud        Conj/Pois/Air  #####...     1%          3    None

Your spell library contained the following spells:

 Spells                   Type           Power        Failure   Level  Hunger
 Slow                     Hex            ##......     5%          2    None


Dungeon Overview and Level Annotations

Branches:
Dungeon (10/15)            Temple (1/1) D:5            Lair (1/6) D:9
    Orc: D:9-12

Altars:
Ashenzari
Cheibriados
Dithmenos
Elyvilon
Fedhas
Gozag
Hepliaklqana
Kikubaaqudgha
Makhleb
Nemelex Xobeh
Okawaru
Qazlal
Ru
Sif Muna
Trog
Uskayaw
Vehumet
Wu Jian
Xom
Yredelemnul
Zin
The Shining One

Shops:
D:8 :

Annotations:
D:7 3 runed translucent doors, forest's ghost, novice SpAs


Message History

There is a stone staircase leading up here.
There is a stone staircase leading down here.
(D) Dungeon (T) Temple (L) Lair
Where to? (Enter - D:8 @ (x,y), ? - help)
Okay, then.
Unknown command.
Unknown command.
Unknown command.
You climb downwards.
There is a stone staircase leading up here.
You see here a +0 club.
There is a stone staircase leading down here.
You climb downwards.
There is a stone staircase leading up here.
(D) Dungeon (T) Temple (L) Lair
Where to? (Enter - D:9 @ (x,y), ? - help)
What level of the Lair of Beasts? (default 1, ? - help)
You climb upwards.
There is a stone staircase leading down here.
There is a staircase to the Lair here.
You climb downwards.
Welcome to the Lair of Beasts!
There is a staircase back to the Dungeon here.
You climb upwards.
Welcome back to the Dungeon!
There is a staircase to the Lair here.
You climb downwards.
Welcome back to the Lair of Beasts!
There is a staircase back to the Dungeon here.
You open the door.
There is an open door here.
As you open the door, it creaks loudly!
Found an escape hatch in the floor.
There is an open door here.
v - a wand of paralysis (16) (gained 9 charges)
You open the door.
There is an open door here.
An eight-headed hydra comes into view.
P - a heavy robe Wear which item? (? for menu, Esc to quit)
You start removing your armour.
You continue taking off your +0 robe. x4
You finish taking off your +0 robe.
You start putting on your armour.
You continue putting on your heavy robe. x5
You finish putting on the cursed +0 robe of Weetzog {rC+ Int+4 Dex+2}.
Oops, that feels deathly cold.
Drop what? 45/52 slots (_ for help) (? for menu, Esc to quit)
You drop a +0 robe.
Okay, then.
Memorise Throw Frost, consuming 2 spell levels and leaving 15?
Vehumet grants you knowledge of Throw Frost.
You start memorising the spell.
You continue memorising.
You are feeling very hungry.
You continue memorising.
You finish memorising.
Spell assigned to 'e'.
You eat one of the 15 rations.
That ration really hit the spot!
Really walk into a travel-excluded area?
Okay, then.
Okay, then.
Aim: an eight-headed hydra (resting)
The magic dart hits the eight-headed hydra.
The eight-headed hydra roars!
You hear a howl!
You don't know that spell.
Okay, then.
Unknown command.
Aim: an eight-headed hydra (lightly wounded)
The puff of frost misses the eight-headed hydra.
A wolf comes into view.
Aim: an eight-headed hydra (lightly wounded)
The puff of frost hits the eight-headed hydra!
The wolf howls!
A wolf comes into view. x2
The fire ignites!
The wolf howls!
You hear a howl!
A wolf comes into view.
You don't know that spell.
The fire ignites!
The wolf howls!
The fire ignites!
A wolf comes into view.
The eight-headed hydra is engulfed in blazing flames.
The wolf moves out of view.
Okay, then.
Aim: an eight-headed hydra (flame, moderately wounded)
The puff of frost hits the eight-headed hydra!
You hear a sizzling sound!
The eight-headed hydra misses you. The eight-headed hydra bites you!
The eight-headed hydra bites you but does no damage.
The eight-headed hydra bites you!
You block the eight-headed hydra's attack.
The eight-headed hydra bites you!
* * * LOW HITPOINT WARNING * * *
The eight-headed hydra barely misses you.
The eight-headed hydra bites you.
* * * LOW HITPOINT WARNING * * *
The wolf is engulfed in blazing flames.
The eight-headed hydra bites you!
* * * LOW HITPOINT WARNING * * *
The eight-headed hydra bites you!
* * * LOW HITPOINT WARNING * * *
The eight-headed hydra bites you!
* * * LOW HITPOINT WARNING * * *
The eight-headed hydra bites you.
You die...

. #. # #. #. #. #. #. #.# ^#
#. ... ###. .### .
#.###[#.#.#.##
....##ยง#..##.##..####
#hhh.h..D.#.#.#... ...#
#.#######@#.#.#.# #..#
#....#..# #..# #.##....#
#..# #. +.#####.# #..# #..
#.#.#...# #..# #.. #..##.#.#
#..#
##.#######.#.###.#######..#
#.........................#
####.................#...#.P


You could see an eight-headed hydra and 3 wolves.

Levels and vault maps discovered:
D:1:      lightli_arrival_statue_moat, layout_rooms, serial_co_window_serial,
          co_window_of_opportunity_a, co_window_paths_a, co_window_paths_b,
          co_window_of_opportunity_a, co_window_corner_a,
          co_window_unsneaky_path_d, co_window_broadway_a, co_window_broadway_b,
          co_window_2corner, co_window_broadway_b, co_window_paths_e,
          co_window_4corner_b, ebering_dispersal_statue_hall,
          lemuel_another_geyser
D:2:      layout_loops_ring, nicolae_overflow_hidden_temple,
          grunt_ministairs_11, st_stairs_5, uniq_jessica
D:3:      layout_basic, corner_web_ring, makhleb_heckhound_becter
D:4:      layout_loops_ring, kennysheep_mini, nicolae_overflow_crystal_walls,
          first_ration, portal_sewer_entry_b, guppyfry_early_orc_mine,
          uniq_crazy_yiuf_cottage, uniq_natasha
D:5:      layout_basic, ashenzari_conservatory_becter, temple_fountains
D:6:      layout_layer_cave, lemuel_crystal_altar, glass_columns_c,
          nicolae_ashenzari_panopticon, uniq_pikel
D:7:      layout_loops_ring, zin_academy, ebering_ghost_rock_garden, the_bakery
D:8:      layout_loops_ring, fedhas_altar_decomposition, serial_shops,
          shop_statue, solitary_fountain
D:9:      layout_long_grid, old_standard_altar, lair_entry_dummy
D:10:     layout_stronghold, uniq_sonja
Temple:   dpeg_chambers_temple
Lair:1:   layout_roguey, minivault_27, minmay_shattered_shrine, uniq_grum

Notes
Turn   | Place    | Note
-------+----------+-------------------------------------------
     0 | D:1      | drasked the Deep Elf Wizard began the quest for the Orb.
     0 | D:1      | Reached XP level 1. HP: 10/10 MP: 7/7
    30 | D:1      | Identified a +0 club
   348 | D:1      | Reached skill level 2 in Conjurations
   387 | D:1      | Identified a +0 club
   467 | D:1      | Reached XP level 2. HP: 15/15 MP: 6/9
  1143 | D:1      | Identified a +0 club
  1414 | D:2      | Identified a +0 robe
  1414 | D:2      | Noticed Jessica
  1425 | D:2      | Killed Jessica
  1425 | D:2      | Reached skill level 3 in Conjurations
  1425 | D:2      | Reached XP level 3. HP: 19/19 MP: 10/10
  1455 | D:2      | Learned a level 2 spell: Blink
  1459 | D:2      | Learned a level 3 spell: Conjure Flame
  1463 | D:2      | Learned a level 3 spell: Mephitic Cloud
  1514 | D:2      | Found a hide-covered altar of Uskayaw.
  1692 | D:2      | Reached skill level 4 in Conjurations
  2016 | D:2      | Identified a +0 dagger
  2019 | D:2      | Reached XP level 4. HP: 24/24 MP: 9/12
  2102 | D:2      | Identified a cursed -2 short sword
  2116 | D:2      | Identified a ring of stealth (You found it on level 2 of
                  | the Dungeon)
  2174 | D:3      | Identified a +0 short sword
  2189 | D:3      | Identified a +0 mace
  2190 | D:3      | Identified a +1 hand axe of freezing
  2190 | D:3      | Identified a +0 flail
  2397 | D:3      | Identified a +0 short sword
  2397 | D:3      | Identified a +0 leather armour
  2404 | D:3      | Identified a +0 hand axe
  2406 | D:3      | Identified a +0 rapier
  2406 | D:3      | Identified a +0 robe
  2406 | D:3      | Reached skill level 5 in Conjurations
  2531 | D:3      | HP: 1/24 [something/magic dart (8)]
  2532 | D:3      | Identified 4 potions of curing
  2542 | D:3      | Reached XP level 5. HP: 3/28 MP: 3/13
  2776 | D:3      | Identified a +0 dagger
  2776 | D:3      | Identified a +0 scale mail
  2776 | D:3      | Identified an uncursed amulet of regeneration
  2819 | D:3      | Found a burning altar of Makhleb.
  2879 | D:3      | Identified a +0 leather armour
  2895 | D:3      | Identified a +0 mace
  2901 | D:3      | Identified a +0 leather armour
  2903 | D:3      | Identified a +0 trident
  2903 | D:3      | Identified a +0 buckler
  2956 | D:3      | Identified a +1 dagger of freezing
  3110 | D:3      | Identified a +0 quarterstaff
  3110 | D:3      | Identified a +0 leather armour
  3110 | D:3      | Identified a +0 short sword
  3113 | D:3      | Reached skill level 6 in Conjurations
  3176 | D:3      | Identified a +0 scale mail
  3224 | D:3      | Identified a +0 short sword
  3233 | D:3      | Identified a +0 trident
  3233 | D:3      | Identified a +0 ring mail
  3490 | D:3      | Identified a ring of protection from cold (You found it on
                  | level 3 of the Dungeon)
  3594 | D:3      | Identified 7 scrolls of identify
  3594 | D:3      | Identified 4 potions of agility
  3595 | D:3      | Identified 2 potions of heal wounds
  3596 | D:3      | Identified 2 potions of lignification
  3597 | D:3      | Identified a potion of magic
  3598 | D:3      | Identified a potion of resistance
  3599 | D:3      | Identified a potion of haste
  3600 | D:3      | Identified 3 scrolls of fog
  3602 | D:4      | Identified a +0 short sword
  3605 | D:4      | Identified a scroll of enchant armour
  3605 | D:4      | Identified a +0 falchion
  3605 | D:4      | Identified a +0 ring mail
  3607 | D:4      | Identified a cursed -2 trident
  3655 | D:4      | Identified a scroll of magic mapping
  3747 | D:4      | Reached skill level 1 in Air Magic
  3747 | D:4      | Reached skill level 1 in Poison Magic
  3752 | D:4      | Reached XP level 6. HP: 22/32 MP: 2/14
  3802 | D:4      | Found a glowing drain.
  3849 | Sewer    | Entered a sewer
  4208 | Sewer    | Reached skill level 2 in Poison Magic
  4539 | Sewer    | Identified 6 potions of flight
  4648 | Sewer    | Reached skill level 2 in Air Magic
  4811 | Sewer    | HP: 5/32 [worm (5)]
  5436 | D:4      | Reached skill level 3 in Dodging
  5487 | D:4      | Identified a +0 whip
  5487 | D:4      | Identified a +0 leather armour
  5487 | D:4      | Identified a +0 spear
  5490 | D:4      | Identified a +0 club
  5494 | D:4      | Identified a +0 spear
  5498 | D:4      | Reached skill level 1 in Fighting
  5498 | D:4      | Reached skill level 1 in Shields
  5654 | D:4      | Reached XP level 7. HP: 36/38 MP: 8/15
  5759 | D:4      | Identified a +1 antimagic battleaxe
  5759 | D:4      | Identified a +0 chain mail
  5759 | D:4      | Identified a +0 hand axe
  5759 | D:4      | Identified a +0 leather armour
  5759 | D:4      | Identified a +0 leather armour
  5765 | D:4      | Identified a +0 dagger
  5765 | D:4      | Identified a +0 robe
  5921 | D:4      | Identified a cursed -1 flail
  5921 | D:4      | Identified a +0 leather armour
  5921 | D:4      | Identified a +0 flail
  5921 | D:4      | Identified a +0 leather armour
  5969 | D:4      | Reached skill level 4 in Dodging
  6116 | D:4      | Reached skill level 2 in Shields
  6175 | D:4      | Found a burning altar of Makhleb.
  6194 | D:4      | Noticed Natasha
  6207 | D:4      | Killed Natasha
  6323 | D:4      | Identified a +0 dagger
  6323 | D:4      | Identified a +0 robe
  6327 | D:4      | Identified a +0 short sword
  6327 | D:4      | Identified a +0 ring mail
  6330 | D:4      | Identified a +0 morningstar
  6427 | D:4      | Found a hazy altar of Hepliaklqana.
  6647 | D:4      | Found a runed translucent door.
  6648 | D:4      | Identified a +3 quarterstaff of chaos
  6648 | D:4      | Identified a +0 cloak
  6648 | D:4      | Noticed Crazy Yiuf
  6648 | D:4      | Noticed Natasha
  6831 | D:4      | Got a fine mace
  6833 | D:4      | Identified the +1 mace "Ixokk" {crush, rElec rPois rN+}
                  | (You found it on level 4 of the Dungeon)
  6893 | D:4      | Identified a +0 flail
  6893 | D:4      | Identified a +0 ring mail
  7082 | D:4      | Reached skill level 3 in Shields
  7091 | D:4      | HP: 9/39 [poisoned by a scorpion]
  7099 | D:4      | HP: 8/39 [poisoned by a scorpion]
  7487 | D:4      | Learned a level 2 spell: Call Imp
  7515 | D:4      | Killed Crazy Yiuf
  7523 | D:4      | Killed Natasha
  7534 | D:4      | Noticed Natasha
  7548 | D:4      | Killed Natasha
  7650 | D:5      | Entered Level 5 of the Dungeon
  7846 | D:5      | Reached skill level 4 in Shields
  7907 | D:5      | Identified a +0 mace
  7966 | D:5      | Found a shattered altar of Ashenzari.
  7981 | D:5      | Reached skill level 2 in Fighting
  7981 | D:5      | Reached XP level 8. HP: 37/44 MP: 12/16
  8116 | D:5      | Identified a +0 short sword
  8616 | D:5      | Reached skill level 5 in Dodging
  8616 | D:5      | Reached skill level 7 in Conjurations
  8820 | D:5      | Found a staircase to the Ecumenical Temple.
  8835 | Temple   | Entered the Ecumenical Temple
  9054 | Temple   | Became a worshipper of Vehumet
  9185 | D:5      | Reached skill level 3 in Fighting
  9507 | D:6      | Identified a +0 dagger
  9507 | D:6      | Identified a +0 robe
  9507 | D:6      | Identified a +0 hand axe
  9509 | D:6      | Identified a +0 trident
  9598 | D:6      | Identified a +0 whip of electrocution
  9598 | D:6      | Identified a +0 robe
  9598 | D:6      | Noticed Pikel
  9605 | D:6      | Identified a +0 dagger
  9823 | D:6      | Identified a +0 flail
  9823 | D:6      | Identified a +0 ring mail
  9961 | D:6      | Found a shattered altar of Ashenzari.
  9988 | D:6      | Identified a +0 shortbow
 10000 | D:6      | Reached skill level 6 in Dodging
 10017 | D:6      | HP: 11/48 [water moccasin skeleton (6)]
 10382 | D:6      | Identified a +0 falchion
 10387 | D:6      | Identified a +0 club
 10387 | D:6      | Identified a +0 chain mail
 10471 | D:6      | Identified a +0 dagger
 10471 | D:6      | Identified a +0 leather armour
 10472 | D:6      | Identified a +0 leather armour
 11360 | D:6      | Found a bloodstained altar of Trog.
 11383 | D:6      | Killed Pikel
 11383 | D:6      | Reached skill level 4 in Fighting
 11383 | D:6      | Reached skill level 8 in Conjurations
 11383 | D:6      | Reached XP level 9. HP: 49/52 MP: 2/17
 11397 | D:6      | Identified a +2 helmet (You found it on level 6 of the
                  | Dungeon)
 11407 | D:6      | Identified a +1 helmet (You found it on level 6 of the
                  | Dungeon)
 11419 | D:6      | Identified an amulet of inaccuracy (You found it on level 6
                  | of the Dungeon)
 11420 | D:6      | Identified 4 scrolls of remove curse
 11423 | D:6      | Identified a potion of brilliance
 11424 | D:6      | Identified a potion of degeneration
 11425 | D:6      | Identified a potion of cancellation
 11784 | D:6      | Identified a potion of berserk rage
 11828 | D:7      | Found a runed translucent gate.
 11828 | D:7      | Found a runed translucent gate.
 11829 | D:7      | Found a runed translucent gate.
 11829 | D:7      | Noticed forest's ghost (novice SpAs)
 11900 | D:7      | Reached skill level 7 in Dodging
 11948 | D:7      | Identified a +0 short sword
 11948 | D:7      | Identified a +0 chain mail
 11955 | D:7      | Identified a +0 club
 11955 | D:7      | Identified a +0 ring mail
 11958 | D:7      | Reached * piety under Vehumet
 11958 | D:7      | Offered knowledge of Freeze by Vehumet.
 12068 | D:7      | Identified a +0 dagger
 12068 | D:7      | Identified a cursed +0 robe
 12183 | D:7      | Identified a +0 dagger
 12183 | D:7      | Identified a +0 robe
 12354 | D:7      | Identified a +0 flail
 12354 | D:7      | Identified an uncursed ring of fire
 12354 | D:7      | Identified a cursed -3 short sword
 12358 | D:7      | Identified a +0 spear
 12492 | D:7      | Found a glowing silver altar of Zin.
 12537 | D:7      | Reached skill level 5 in Fighting
 12767 | D:7      | Identified a +0 chain mail of poison resistance
 12774 | D:7      | Identified a +0 halberd
 12774 | D:7      | Identified a +0 chain mail
 12774 | D:7      | Identified a +0 short sword
 12774 | D:7      | Identified a +0 mace
 12774 | D:7      | Identified a +0 scale mail
 12789 | D:7      | Reached skill level 9 in Conjurations
 12976 | D:7      | Identified a +0 club
 12983 | D:7      | Reached skill level 8 in Dodging
 13497 | D:8      | Identified a +0 short sword
 13637 | D:8      | Identified a +0 spear
 13638 | D:8      | Noticed a troll
 13638 | D:8      | Identified a +0 giant club
 13638 | D:8      | Identified a +0 giant club
 13638 | D:8      | Noticed a two-headed ogre
 13641 | D:8      | Identified a +0 halberd
 13641 | D:8      | Identified an uncursed ring of magical power
 13642 | D:8      | Identified a +2 spear of freezing
 13644 | D:8      | Identified a +0 halberd
 13649 | D:8      | Identified a +0 giant spiked club
 13862 | D:8      | Identified a cursed +5 war axe of freezing
 13862 | D:8      | Identified a +0 robe
 13883 | D:8      | Identified a +2 halberd
 13883 | D:8      | Identified a +0 robe
 13942 | D:8      | Identified a +0 giant club
 13942 | D:8      | Identified a +0 giant spiked club
 13942 | D:8      | Noticed a two-headed ogre
 13971 | D:8      | Killed a two-headed ogre
 13971 | D:8      | Reached skill level 9 in Dodging
 13971 | D:8      | Reached XP level 10. HP: 60/60 MP: 8/18
 14056 | D:8      | Identified a +0 giant spiked club
 14087 | D:8      | Killed a two-headed ogre
 14087 | D:8      | Reached skill level 6 in Fighting
 14087 | D:8      | Reached skill level 10 in Conjurations
 14176 | D:8      | Identified a +0 hand axe
 14176 | D:8      | Identified a +0 robe
 14179 | D:8      | Identified a cursed +0 flail
 14179 | D:8      | Identified a +0 robe
 14552 | D:8      | Found Mofreum's Book Boutique.
 14992 | D:8      | Found a blossoming altar of Fedhas.
 15445 | D:8      | Reached skill level 10 in Dodging
 15951 | D:9      | Identified a +0 club
 15952 | D:9      | Identified a +0 spear
 15952 | D:9      | Identified a +0 halberd
 15953 | D:9      | Identified a +0 club
 15954 | D:9      | Identified a +0 club
 16030 | D:9      | Identified a +0 shortbow
 16072 | D:9      | Reached ** piety under Vehumet
 16072 | D:9      | Offered knowledge of Throw Frost by Vehumet.
 16072 | D:9      | Reached skill level 7 in Fighting
 16158 | D:9      | Identified a +0 trident
 16158 | D:9      | Identified a +0 ring mail
 16158 | D:9      | Identified a cursed +0 buckler
 16179 | D:9      | Identified a +0 shortbow
 16212 | D:9      | Reached skill level 5 in Spellcasting
 16556 | D:9      | Reached skill level 6 in Spellcasting
 16750 | D:9      | Found a staircase to the Lair.
 16934 | D:9      | Found an opulent altar of Gozag.
 17172 | D:9      | Identified a ring of see invisible (You found it on level 9
                  | of the Dungeon)
 17173 | D:9      | Identified 2 scrolls of fear
 17242 | D:10     | Entered Level 10 of the Dungeon
 17328 | D:10     | Identified a +0 giant spiked club
 17328 | D:10     | Identified a cursed -1 giant spiked club
 17328 | D:10     | Noticed a two-headed ogre
 17361 | D:10     | Killed a two-headed ogre
 17361 | D:10     | Reached skill level 7 in Spellcasting
 17450 | D:10     | Reached XP level 11. HP: 28/68 MP: 16/23
 17903 | D:10     | Identified a +2 short sword of draining
 17903 | D:10     | Noticed Sonja
 17913 | D:10     | Killed Sonja
 17913 | D:10     | Reached skill level 8 in Fighting
 18076 | D:10     | Reached skill level 8 in Spellcasting
 18578 | D:10     | Reached skill level 9 in Spellcasting
 18790 | D:10     | Identified an amulet of the gourmand (You found it on level
                  | 10 of the Dungeon)
 18792 | D:10     | Identified a ring of protection (You found it on level 10
                  | of the Dungeon)
 18918 | D:6      | Identified quicksilver dragon scales (You found it on level
                  | 6 of the Dungeon)
 18930 | D:6      | Identified a +0 robe
 19029 | Lair:1   | Entered Level 1 of the Lair of Beasts
 19106 | Lair:1   | Noticed an eight-headed hydra
 19109 | Lair:1   | Got a heavy robe
 19120 | Lair:1   | Identified the cursed +0 robe of Weetzog {rC+ Int+4 Dex+2}
                  | (You found it on level 1 of the Lair of Beasts)
 19124 | Lair:1   | Learned a level 2 spell: Throw Frost
 19139 | Lair:1   | HP: 4/68 [eight-headed hydra (14)]
 19139 | Lair:1   | Slain by an eight-headed hydra

Table legend:
 A = Turns spent in this place as a percentage of turns spent in the entire game.
 B = Non-inter-level travel turns spent in this place as a percentage of non-inter-level travel turns spent in the entire game.
 C = Inter-level travel turns spent in this place as a percentage of turns spent in this place.
 D = Turns resting spent in this place as a percentage of non-inter-level travel turns spent in this place.
 E = Turns spent auto-exploring this place as a percentage of non-inter-level travel turns spent in this place.
 F = Non-inter-level travel turns spent in this place divided by the number of levels of this place that you've seen.
                   A       B       C       D       E      F
               +-------+-------+-------+-------+-------+----------------------
         Total | 100.0 | 100.0 |   4.0 |  39.4 |  40.8 | 1413.3
       Dungeon |  91.0 |  90.8 |   4.2 |  39.4 |  40.7 | 1668.4
        Temple |   1.3 |   1.2 |  12.3 |   0.0 |  98.6 | 222.0
          Lair |   0.6 |   0.6 |   0.9 |   0.0 |  67.3 | 107.0
         Sewer |   7.1 |   7.4 |   0.0 |  48.2 |  31.0 | 1360.0
               +-------+-------+-------+-------+-------+----------------------

Table legend:
 A = Kills in this place as a percentage of kills in entire the game.
 B = Kills by you in this place as a percentage of kills by you in the entire game.
 C = Kills by friends in this place as a percentage of kills by friends in the entire game.
 D = Other kills in this place as a percentage of other kills in the entire game.
 E = Experience gained in this place as a percentage of experience gained in the entire game.
 F = Experience gained in this place divided by the number of levels of this place that you have seen.
                   A       B       C       D       E      F
               +-------+-------+-------+-------+-------+----------------------
         Total | 100.0 | 100.0 |   N/A | 100.0 | 100.0 | 1054.5
       Dungeon |  90.4 |  89.8 |   N/A | 100.0 |  99.4 | 1362.7
         Sewer |   9.6 |  10.2 |   N/A |   0.0 |   0.6 |  82.0
               +-------+-------+-------+-------+-------+----------------------

Skill      XL: |  1  2  3  4  5  6  7  8  9 10 11 |
---------------+----------------------------------+-----
Conjurations   | 2 3 4 5 6 8 9 10 | 10.0
Air Magic      | 1 2 |  2.0
Poison Magic   | 1 2 |  2.0
Dodging        | 3 4 6 9 10 | 10.0
Fighting       | 1 2 4 5 7 8 |  8.1
Shields        | 1 4 |  4.0
Spellcasting   | 7 9 |  9.2
Stealth        | |  2.4
Summonings     | |  1.1
Translocations | |  1.1

Action                   |  1- 3 |  4- 6 |  7- 9 | 10-12 || total
-------------------------+-------+-------+-------+-------++-------
Melee: Club              |       |     1 |       |       ||     1
       Dagger            |       |    19 |    13 |       ||    32
       Mace              |       |       |    71 |    21 ||    92
       Unarmed           |       |       |     5 |       ||     5
Throw: Dart              |     8 |     4 |    11 |   148 ||   171
 Cast: Magic Dart        |    50 |   231 |   425 |   254 ||   960
       Mephitic Cloud    |       |     6 |    33 |    49 ||    88
       Conjure Flame     |       |     1 |    15 |    18 ||    34
       Call Imp          |       |       |     2 |     1 ||     3
       Blink             |       |       |     1 |     4 ||     5
       Throw Frost       |       |       |       |     3 ||     3
Evoke: Wand              |       |     1 |       |     3 ||     4
  Use: Potion            |       |     3 |     1 |       ||     4
       Scroll            |       |    10 |     5 |     4 ||    19
 Stab: Confused          |       |     1 |     6 |       ||     7
  Eat: Chunk             |     3 |     9 |    14 |    12 ||    38
       Ration            |       |     1 |     4 |     2 ||     7
Armor: Robe              |     3 |    15 |    27 |    14 ||    59
Dodge: Dodged            |     7 |    71 |   159 |    78 ||   315
Block: Buckler           |       |     1 |    47 |    16 ||    64

Vanquished Creatures
  3 two-headed ogres
  Sonja (D:10)
  Pikel (D:6)
  2 trolls
  2 hippogriffs (D:7)
  A wyvern (D:8)
  A spriggan (D:7)
  12 yaks
  A wraith (D:10)
  A hungry ghost (D:10)
  2 orc warriors
  2 slaves (D:6)
  3 necrophages (D:8)
  2 phantoms (D:5)
  2 ice beasts
  A sky beast (D:9)
  3 centaurs
  2 ogres (D:8)
  A gnoll sergeant (D:9)
  4 bullfrogs
  3 scorpions
  2 water moccasin skeletons
  5 killer bees (D:7)
  4 wights (D:8)
  2 howler monkeys (D:8)
  5 crimson imps
  A centaur zombie (D:7)
  2 bullfrog zombies (D:8)
  2 quasits
  3 jellies
  4 bullfrog skeletons
  A gnoll shaman (D:4)
  2 centaur skeletons
  4 orc priests
  Crazy Yiuf (D:4)
  6 hounds
  Jessica (D:2)
  3 iguanas
  Natasha (thrice) (D:4)
  5 orc wizards
  11 worker ants
  3 worker ant zombies (D:8)
  15 gnolls
  9 adders
  A river rat (D:4)
  2 shadow imps (D:7)
  4 oozes (Sewer)
  3 adder zombies
  3 adder skeletons
  5 worms
  A dart slug (D:3)
  12 leopard geckos
  40 orcs
  5 ball pythons
  11 bats
  5 giant cockroaches
  4 hobgoblins
  4 jackals (Sewer)
  7 kobolds
  6 quokkas
  8 frilled lizards
  3 goblins
  A jackal skeleton (D:7)
  2 quokka skeletons
  3 rats
274 creatures vanquished.

Vanquished Creatures (others)
  2 bushes (D:8)
  4 plants (D:8)
6 creatures vanquished.

Grand Total: 280 creatures vanquished
